 Dungeon Crawl Stone Soup version 0.26-a0-668-gd58323b419 (webtiles) character file.

Game seed: 1364148285373471251

268 jiml777 the Digger (level 6, -10/32 HPs)
             Began as a Gargoyle Earth Elementalist on Oct 19, 2020.
             Mangled by an orc warrior
             ... wielding a +0 dire flail
              (25 damage)
             ... on level 4 of the Dungeon.
             The game lasted 00:13:54 (3986 turns).

jiml777 the Digger (Gargoyle Earth Elementalist)    Turns: 3986, Time: 00:13:55

Health: -10/32     AC:  6    Str: 11    XL:     6   Next: 21%
Magic:  10/10      EV: 12    Int: 18    God:
Gold:   219        SH:  0    Dex: 10    Spells: 10/11 levels left

rFire    . . .     SeeInvis .   o - +1 short sword (venom)
rCold    . . .     Faith    .   (no shield)
rNeg     + . .     Spirit   .   c - +0 robe
rPois    ∞         Reflect  .   (no helmet)
rElec    +         Harm     .   (no cloak)
rCorr    .         Rampage  .   (no gloves)
MR       .....                  (no boots)
Stlth    ++........             (no amulet)
HPRegen  0.10/turn              (no ring)
MPRegen  0.12/turn              (no ring)

@: no status effects
A: negative energy resistance 1, electricity resistance, unbreathing,
petrification resistance, rot immunity, AC +4
a: no special abilities


You were on level 4 of the Dungeon.
You visited 1 branch of the dungeon, and saw 4 of its levels.

You collected 219 gold pieces.

Inventory:

Hand Weapons
 o - a +1 short sword of venom (weapon)
Missiles
 b - 113 stones (quivered)
 f - 61 sling bullets
 g - 52 arrows
 l - 6 javelins
Armour
 c - a +0 robe (worn)
Wands
 u - a wand of random effects (4)
Scrolls
 a - 2 scrolls of enchant weapon {unknown}
 d - a scroll of remove curse {unknown}
 e - a scroll of fog {unknown}
 h - a scroll of magic mapping {unknown}
 j - 3 scrolls of identify {unknown}
 k - a scroll of immolation {unknown}
 m - 2 scrolls of amnesia {unknown}
 q - a scroll of teleportation {unknown}
Potions
 i - 2 potions of heal wounds {unknown}
 n - a potion of haste {unknown}
 p - a potion of curing {unknown}
 r - a potion of lignification {unknown}
 s - a potion of degeneration {unknown}
 t - a potion of stabbing {unknown}


   Skills:
 - Level 0.1 Fighting
 - Level 1.0 Short Blades
 + Level 2.5 Dodging
 + Level 4.0 Stealth
 * Level 3.2 Spellcasting
   Level 0.7 Transmutations
 * Level 5.3 Earth Magic


You had 10 spell levels left.
You knew the following spells:

 Your Spells              Type           Power        Failure   Level
a - Sandblast             Erth           ###...       1%          1

Your spell library contained the following spells:

 Spells                   Type           Power        Failure   Level
 Passwall                 Tmut/Erth      ##......     7%          2
 Summon Small Mammal      Summ           #...         16%         1
 Stone Arrow              Conj/Erth      ##....       16%         3
 Call Imp                 Summ           #.......     24%         2
 Petrify                  Tmut/Erth      ##......     41%         4
 Call Canine Familiar     Summ           #.......     43%         3
 Summon Guardian Golem    Hex/Summ       #.......     43%         3
 Lee's Rapid Deconstruct  Erth           ###.......   45%         5
 Summon Ice Beast         Ice/Summ       #.......     85%         4
 Summon Lightning Spire   Summ/Air       #.......     85%         4


Dungeon Overview and Level Annotations

Branches:
Dungeon (4/15)
 Temple: D:4-7

Altars:
Cheibriados
Fedhas
Vehumet
The Shining One


Innate Abilities, Weirdness & Mutations

You are resistant to torment.
Your stone body is resilient. (AC +4)
You are immune to poison.
You resist negative energy. (rN+)
You are resistant to electric shocks. (rElec)
You can survive without breathing.
You are immune to petrification.
You are immune to rotting.


Message History

You barely miss the orc.
The orc is lightly wounded.
The orc hits you but does no damage.
You barely miss the orc.
The orc is lightly wounded.
You barely miss the orc warrior.
The orc priest calls down the wrath of Beogh upon you.
Beogh smites you!
You hit the orc warrior but do no damage.
The orc warrior is poisoned.
The orc warrior misses you.
You hit the orc warrior but do no damage.
The orc warrior looks as sick as possible!
The orc warrior is lightly wounded.
The orc warrior hits you with a +0 dire flail.
You hit the orc warrior but do no damage.
The orc warrior looks as sick as possible!
The orc warrior is moderately wounded.
The orc warrior hits you with a +0 dire flail!!
Ouch! That really hurt!
You die... #.# ## #.####. ### #.....# ..# ######. #.# #######....< oo.

............
#o# ######.####
#o# #.# #@# #.#
#.# #.#
#.###########.#
#.............#
###############


You could see an orc warrior (extremely poisoned), an orc priest, an orc wizard
and an orc.

Vanquished Creatures
  Blork the orc (D:4)
  3 orc wizards
  3 adders
  An ooze (D:2)
  A worm (D:3)
  4 dart slugs
  2 leopard geckos
  6 orcs
  2 ball pythons (D:1)
  12 bats
  2 giant cockroaches
  5 goblins
  10 hobgoblins
  4 jackals (D:1)
  3 frilled lizards
  8 kobolds
  8 rats
75 creatures vanquished.

Notes
Turn   | Place    | Note
-------+----------+-------------------------------------------
     0 | D:1      | jiml777 the Gargoyle Earth Elementalist began the quest for
                  | the Orb.
     0 | D:1      | Reached XP level 1. HP: 10/10 MP: 3/3
   225 | D:1      | Reached skill level 4 in Earth Magic
   274 | D:1      | Reached XP level 2. HP: 9/15 MP: 5/5
   769 | D:1      | Reached XP level 3. HP: 6/19 MP: 2/6
  1633 | D:2      | Reached XP level 4. HP: 4/24 MP: 5/7
  2257 | D:2      | Found a glowing golden altar of the Shining One.
  2262 | D:2      | Found a radiant altar of Vehumet.
  2264 | D:2      | Found a snail-covered altar of Cheibriados.
  2309 | D:2      | Reached skill level 1 in Short Blades
  2543 | D:3      | Reached XP level 5. HP: 20/28 MP: 5/9
  3106 | D:3      | Found a blossoming altar of Fedhas.
  3478 | D:4      | Noticed Blork the orc
  3496 | D:4      | Killed Blork the orc
  3496 | D:4      | Reached skill level 5 in Earth Magic
  3678 | D:4      | Reached XP level 6. HP: 21/32 MP: 10/10
  3977 | D:4      | Noticed an orc warrior
  3986 | D:4      | Mangled by an orc warrior

Illustrated notes

Levels and vault maps discovered:
D:1:      ncdulo_wetmaze, layout_loops_ring
D:2:      layout_rooms, grunt_temple_overflow_diamond
D:3:      layout_basic, fedhas_altar_4
D:4:      layout_loops_ring, abandoned_shop, kennysheep_small_spiral,
          st_stairs_9, chequers_mini_garden, kennysheep_flooded_box,
          uniq_blork_the_orc

Skill      XL: |  1  2  3  4  5  6 |
---------------+-------------------+-----
Earth Magic    | 4 5 |  5.3
Stealth        | 3 4 |  4.0
Short Blades   | 1 |  1.0
Dodging        | 2 |  2.5
Spellcasting   | 3 |  3.2
Fighting       | |  0.1
Transmutations | |  0.7

Action                   |  1- 3 |  4- 6 || total
-------------------------+-------+-------++-------
Melee: Short sword       |   135 |   147 ||   282
 Cast: Sandblast         |    27 |    12 ||    39
 Stab: Sleeping          |     1 |     7 ||     8
Armor: Robe              |    50 |    45 ||    95
Dodge: Dodged            |    97 |    84 ||   181

Table legend: (Time is in decaauts)
 A = Elapsed time spent in this place.
 B = Non-inter-level travel time spent in this place.
 C = Inter-level travel time spent in this place.
 D = Time resting spent in this place.
 E = Time spent auto-exploring this place.
 F = Levels seen in this place.
 G = Mean time per level.
                   A        B        C        D        E       F      G
               +--------+--------+--------+--------+--------+-----+--------+
         Total |   4010 |   3959 |     51 |   1395 |   1598 |   4 | 1002.5 |
       Dungeon |   4010 |   3959 |     51 |   1395 |   1598 |   4 | 1002.5 |
               +--------+--------+--------+--------+--------+-----+--------+

Top non-repeatable levels by time:
     D:1: 1457 daAuts
     D:2: 1030 daAuts
     D:3: 1010 daAuts
     D:4: 512 daAuts
